AoeStats
← Cheonma

Arabia

505731383Analyzed
1v1 RM · 22d ago on Sep 10, 2026· 50m 34s· 2 players
Game mode
Random Map
Map size
Tiny (2 player)
Population
200
Speed
Normal
Resources
Standard
Victory
Conquest
Starting age
Dark Age
Ending age
Imperial Age
RankedLock teamsTeams togetherTeam positionsShared explorationLock speedFull tech treeHidden civsTurbo modeCheats
Victory
Defeat
🇦🇷 Lithuanians · Argentina
1149
+16
🇲🇽 Vikings · Mexico
1156
-16
Cheonma
5:09 Loom
8:37 Feudal Age
9:41 Double-Bit Axe
20:03 Castle Age
18:04 Horse Collar
18:38 Gold Mining
19:18 Bloodlines
21:03 Husbandry
22:25 Wheelbarrow
22:18 Scale Barding Armor
22:52 Forging
26:40 Chain Barding Armor
26:17 Elite Skirmisher
28:39 Iron Casting
35:28 Stone Mining
36:38 Hand Cart
40:13 Imperial Age
39:05 Ballistics
38:56 Masonry
39:11 Fletching
39:21 Padded Archer Armor
42:12 Chemistry
42:09 Plate Barding Armor
41:30 Bodkin Arrow
41:01 Cavalier
43:21 Architecture
43:14 Heavy Plow
45:10 Stone Shaft Mining
45:28 Conscription
44:53 Paladin
45:40 Town Watch
45:57 Bracer
47:02 Leather Archer Armor
48:12 Devotion
JGSC
8:25 Loom
10:49 Feudal Age
18:36 Castle Age
16:53 Double-Bit Axe
16:52 Horse Collar
17:35 Fletching
18:50 Padded Archer Armor
19:13 Crossbowman
20:47 Bodkin Arrow
21:08 Leather Archer Armor
23:14 Squires
24:38 Pikeman
28:40 Forging
28:30 Scale Mail Armor
30:20 Iron Casting
31:14 Ballistics
38:20 Imperial Age
39:05 Chain Mail Armor
39:50 Bracer
40:30 Arbalester
42:39 Conscription
44:16 Chieftains
45:08 Plate Mail Armor
48:11 Blast Furnace
47:51 Bow Saw
48:04 Gold Mining
Connection lost

Rejoining the realm…

Still unreachable

The connection could not be restored.

Session expired

The server has moved on; the page needs a fresh start.